Map: Lerilak Crest

Players

Namshar

  • Race: Zerg Zerg
  • League: Grandmaster

hydra - Winner!

  • Race: Zerg Zerg

Event: DreamHack ZOWIE Open Leipzig

VOD

Have the link to the VOD?

Description

Time

  • Played on: Jan. 22, 2016, 12:47 p.m.
  • Length: 8:11

All games in this series

Show
View Real Time Build Order
Export as new Build Order

Namshar Zerg 

Build Orders: Hatch First 

Get SALT Encoding   

  12  0:00  Drone  
  13  0:08  Drone  
  14  0:17  Overlord  
  14  0:22  Extractor  
  14  0:23  Drone  
  15  0:35  Drone  
  15  0:36  Drone  
  17  0:52  Hatchery  
  17  0:54  Drone  
  17  0:58  Drone  
  18  1:08  Extractor  
  17  1:12  Spawning Pool  
  17  1:16  Drone  
  17  1:19  Drone  
  18  1:26  Drone  
  19  1:37  Overlord  
  19  1:59  Zergling x2, Queen  
  19  2:00  Zergling x2  
  23  2:04  Queen  
  23  2:05  Zergling x2  
  23  2:07  Metabolic Boost  
  26  2:09  Drone  
  26  2:15  Drone  
  28  2:20  Drone  
  29  2:27  Drone  
  30  2:32  Baneling Nest, Drone  
  30  2:38  Overlord  
  30  2:43  Drone  
  31  2:57  Zergling x2  
  31  2:58  Zergling x2  
  32  3:01  Queen  
  32  3:02  Overlord  
  32  3:05  Zergling x2  
  35  3:11  Zergling x4  
  35  3:12  Zergling x4  
  39  3:16  Baneling x2  
  39  3:19  Drone  
  38  3:28  Zergling x4  
  38  3:29  Zergling x2  
  38  3:33  Zergling x4  
  42  3:39  Spine Crawler  
  41  3:42  Zergling x6  
  41  3:45  Zergling x4  
  46  3:57  Drone  
  46  3:58  Drone x3  
  50  4:05  Drone  
  50  4:06  Drone  
  52  4:10  Roach Warren  
  52  4:12  Drone  
  52  4:23  Drone  
  52  4:24  Drone  
  45  4:33  Drone x2  
  45  4:41  Extractor  
  45  4:42  Drone x3, Overlord  
  45  4:43  Overlord  
  45  4:45  Spine Crawler  
  45  4:50  Roach x2  
  49  4:53  Roach  
  49  4:56  Overlord  
  51  5:06  Roach x4  
  59  5:11  Roach  
  59  5:12  Ravager  
  59  5:13  Ravager  
  63  5:18  Overlord x2  
  63  5:20  Drone  
  64  5:24  Drone x2  
  66  5:31  Drone x3  
  66  5:34  Drone  
  70  5:36  Overlord  
  70  5:40  Ravager x2  
  72  5:44  Evolution Chamber, Overlord  
  71  5:51  Extractor  
  71  5:52  Overlord  
  70  6:09  Drone x3  
  70  6:10  Zerg Missile Weapons Level 1  
  70  6:11  Lair  
  71  6:14  Hatchery  
  70  6:19  Roach x3  
  76  6:27  Overlord  
  76  6:30  Roach x2  
  80  6:33  Roach  
  82  6:41  Roach x2  
  82  6:43  Overlord  
  85  6:50  Ravager  
  85  6:51  Roach  
  87  7:03  Roach x2  
  87  7:04  Roach x2  
  71  7:16  Roach x3  
  71  7:19  Roach  
  71  7:20  Roach  
  68  7:25  Roach  
  55  7:31  Roach x2  
  55  7:36  Roach  
  48  7:37  Zergling x2  
  48  7:38  Zergling x4  
  48  7:42  Roach  
  44  7:47  Roach  
  44  7:52  Zergling x4  
Show
View Real Time Build Order
Export as new Build Order

hydra Zerg - Winner!

Build Orders: Pool First 

Get SALT Encoding   

  12  0:00  Drone  
  13  0:12  Overlord  
  13  0:16  Drone  
  14  0:30  Drone x2  
  14  0:34  Drone  
  17  0:44  Spawning Pool  
  17  0:47  Drone  
  17  0:49  Extractor  
  16  0:56  Drone  
  17  1:15  Hatchery  
  16  1:19  Drone  
  17  1:32  Zergling x2, Queen  
  20  1:37  Drone  
  21  1:44  Overlord  
  21  1:49  Drone  
  22  1:55  Metabolic Boost  
  22  2:03  Drone  
  22  2:08  Queen  
  23  2:13  Drone  
  26  2:22  Roach Warren  
  25  2:26  Zergling x2  
  25  2:28  Zergling x2  
  27  2:33  Zergling x2  
  27  2:38  Zergling x2  
  27  2:40  Overlord  
  28  3:03  Roach  
  28  3:04  Roach x3  
  36  3:07  Roach  
  36  3:12  Roach  
  40  3:14  Roach  
  41  3:28  Roach x2  
  43  3:36  Overlord  
  42  3:50  Drone  
  42  3:52  Drone  
  44  3:56  Drone x3  
  44  3:58  Drone  
  44  4:01  Roach x2  
  52  4:04  Overlord  
  52  4:10  Overlord  
  52  4:23  Roach x3  
  58  4:29  Roach x2  
  53  4:33  Drone  
  53  4:36  Extractor  
  53  4:42  Drone  
  53  4:43  Drone x2  
  54  4:47  Ravager  
  54  4:48  Drone  
  54  4:49  Drone  
  57  4:53  Drone x2  
  57  4:56  Drone  
  57  4:59  Drone  
  61  5:05  Drone  
  62  5:09  Overlord  
  62  5:20  Overlord  
  62  5:29  Overlord, Extractor  
  62  5:32  Roach x3  
  67  5:38  Overlord x2  
  67  5:42  Roach x2  
  71  5:44  Ravager  
  71  5:45  Ravager  
  73  5:52  Roach x2  
  73  5:54  Overlord  
  77  5:59  Roach  
  79  6:07  Overlord  
  79  6:09  Roach x2  
  83  6:13  Roach  
  83  6:16  Ravager  
  86  6:19  Overlord  
  86  6:23  Ravager  
  87  6:28  Zergling x2  
  87  6:29  Zergling x6  
  91  6:33  Ravager  
  91  6:34  Zergling x4  
  91  6:37  Zergling x2  
  91  6:39  Zergling x2  
  96  6:42  Zergling x2  
  96  6:45  Zergling x2  
  96  6:46  Ravager  
  99  6:50  Zergling x4  
  86  7:13  Roach x5  
  89  7:24  Roach x2  
  89  7:25  Roach x3  
  91  7:30  Roach  
  86  7:39  Roach  
  86  7:40  Roach  
  89  7:47  Zergling x2  
  92  8:04  Ravager  

Tags
 
Add a new tag
Caveats
  • Supply blocks, unpowered buildings, or Contaminate may cause inaccurate times.
  • Supply counts are checked every 10 seconds.